 Dungeon Crawl Stone Soup version 0.29-a0-321-gf1c400731a (webtiles) character file.

Game seed: 17628013648360798160

16579 drugrobin the Cleaver (level 11, -1/153 HPs)
             Began as a Demigod Fighter on Apr 5, 2022.
             Killed from afar by a blizzard demon (8 damage)
             ... with a bolt of cold
             ... in a Gauntlet.
             The game lasted 00:32:09 (12210 turns).

drugrobin the Cleaver (Demigod Fighter)            Turns: 12210, Time: 00:32:10

Health: -1/153     AC: 17    Str: 40    XL:     11   Next: 82%
Magic:  23/23      EV: 10    Int: 12    God:
Gold:   518        SH:  4    Dex: 13    Spells: 10/10 levels left

rFire   + . .      SeeInvis .   a - +3 broad axe (venom)
rCold   + + .      Faith    .   c - +0 buckler
rNeg    . . .      Spirit   .   L - +2 scale mail {rF+}
rPois   .          Reflect  .   l - +0 helmet
rElec   .          Harm     .   t - +2 cloak
rCorr   .          Rampage  .   q - +0 pair of gloves
Will    +....      NoTele   +   y - +2 pair of boots of the Blind Marksman {Drain Str+5}
Stlth   ..........              R - amulet of the acrobat
HPRegen 0.35/turn               m - +6 ring of strength
MPRegen 0.18/turn               k - ring of Ifink {rC++ MP+9 Int+2}

@: berserking, very quick
A: high MP 1, forlorn, divine attributes
a: no special abilities


You were in a Gauntlet.
You visited 1 branch of the dungeon, and saw 11 of its levels.
You also visited: Gauntlet.

You collected 616 gold pieces.
You spent 98 gold pieces at shops.

Inventory:

Hand Weapons
 a - a +3 broad axe of venom (weapon)
 b - a +1 hand axe of electrocution
 H - a +2 hand axe of venom
 N - a +2 hand axe of flaming
Missiles
 v - 11 poisoned darts
 z - a curare-tipped dart (quivered)
 S - 3 throwing nets
Armour
 c - a +0 buckler (worn)
 l - a +0 helmet (worn)
 q - a +0 pair of gloves (worn)
 t - a +2 cloak (worn)
 u - +0 acid dragon scales
 y - the +2 pair of boots of the Blind Marksman (worn) {Drain Str+5}
   (You found it on level 4 of the Dungeon)

   Str:       It affects your strength (+5).
   Drain:     It drains your maximum health when unequipped.
 D - a +2 leather armour of poison resistance
 G - the +0 helmet "Piontuj" {rC+ Str+3 Dex+2 Stlth+}
   (You found it in a Gauntlet)

   Str:       It affects your strength (+3).
   Dex:       It affects your dexterity (+2).
   rC:        It protects you from cold.
   Stlth:     It makes you more stealthy.
 L - a +2 scale mail of fire resistance (worn)
Jewellery
 e - a ring of ice
 g - a ring of wizardry
 j - a +6 ring of dexterity
 k - the ring of Ifink (right hand) {rC++ MP+9 Int+2}
   (You acquired it on level 9 of the Dungeon)

   [ring of magical power]

   Int:       It affects your intelligence (+2).
   rC:        It greatly protects you from cold.
   MP:        It affects your magic capacity (+9).
 m - a +6 ring of strength (left hand)
 R - an amulet of the acrobat (around neck)
 W - a +4 ring of evasion
 X - a ring of poison resistance
Wands
 f - a wand of digging (8)
 O - a wand of acid (13)
 V - a wand of flame (9)
Scrolls
 h - 4 scrolls of teleportation
 i - 2 scrolls of holy word
 p - a scroll of immolation
 s - 2 scrolls of blinking
 w - a scroll of silence
 x - a scroll of noise {unknown}
 A - a scroll of fog
 E - a scroll of torment
 F - 3 scrolls of vulnerability {unknown}
 I - 2 scrolls of brand weapon {unknown}
 J - a scroll of amnesia {unknown}
 K - a scroll of enchant armour {unknown}
 P - a scroll of fear {unknown}
Potions
 d - 4 potions of might
 n - a potion of invisibility
 o - 2 potions of haste
 r - 4 potions of curing
 B - a potion of attraction
 C - 5 potions of cancellation
 T - a potion of resistance
Miscellaneous
 Q - a lightning rod (1/4)
 U - a phantom mirror


   Skills:
 + Level 11.0 Fighting
 * Level 14.9 Axes
 - Level 2.6 Armour
 - Level 2.6 Shields


You had 10 spell levels left.
You didn't know any spells.
Your spell library contained the following spells:

 Spells                   Type           Power      Damage    Failure   Level
 Apportation              Tloc           0%         N/A       61%         1
 Foxfire                  Conj/Fire      0%         2x1d4     61%         1
 Static Discharge         Conj/Air       0%         N/A       75%         2
 Conjure Flame            Conj/Fire      0%         6-21      93%         3
 Gell's Gravitas          Tloc           0%         N/A       93%         3
 Inner Flame              Hex/Fire       0%         N/A       93%         3
 Teleport Other           Tloc           0%         N/A       93%         3
 Dispel Undead            Necr           0%         3d6       100%        4
 Flame Wave               Conj/Fire      0%         2d4       100%        4
 Leda's Liquefaction      Hex/Erth       0%         N/A       100%        4
 Sticky Flame             Conj/Fire      0%         2d3       100%        4
 Alistair's Intoxication  Tmut/Pois      0%         N/A       100%        5
 Dispersal                Tloc           0%         N/A       100%        6


Dungeon Overview and Level Annotations

Branches:
Dungeon (11/15)            Temple (0/1) D:6            Lair (0/6) D:9
Gauntlet (1/1)
    Orc: D:9-12

Shops:
D:5 *

Annotations:
Gauntlet 10 transporters


Innate Abilities, Weirdness & Mutations

You have an increased reservoir of magic. (+10% MP)
You shall have no god before yourself.
Your divine heritage dramatically boosts your attributes as you level up.


Message History

* * * LOW HITPOINT WARNING * * *
Unknown command.
Unknown command.
Unknown command.
Unknown command.
Unknown command.
Unknown command.
You hit the blizzard demon.
The blizzard demon is heavily wounded.
You are engulfed in freezing vapours.
You resist.
* * * LOW HITPOINT WARNING * * *
The blizzard demon is engulfed in freezing vapours.
The blizzard demon hits you!
* * * LOW HITPOINT WARNING * * *
The blizzard demon hits you but does no damage.
Unknown command.
Unknown command.
Unknown command.
Unknown command.
A red film seems to cover your vision as you go berserk!
You feel yourself moving faster!
You feel mighty!
You are engulfed in freezing vapours.
You resist.
* * * LOW HITPOINT WARNING * * *
The blizzard demon is engulfed in freezing vapours.
The blizzard demon hits you.
* * * LOW HITPOINT WARNING * * *
You block the blizzard demon's attack.
Unknown command.
Unknown command.
Unknown command.
Unknown command.
Unknown command.
You closely miss the blizzard demon.
The blizzard demon is severely wounded.
You are engulfed in freezing vapours.
You resist.
* * * LOW HITPOINT WARNING * * *
The blizzard demon is engulfed in freezing vapours.
The blizzard demon gestures at you. The bolt of cold hits you! You resist.
You die...

##.8.#.#.#©#.#.#.8.#s###...
#≈...#.#.#.#.#.#...#...©##.
##...#.##.##.#!#...#.#..##.
#≈...#..###.##.#...#.......
##...#....x##x3#...########
#≈...###########.....#.©.#.
##......#.°°#........#...#.
##.8...#°8○#...8....#.©.#.
#≈.....#2@°#.....#########
##...#########...#XXx.©!#^
#≈...##.#©#(##...#x.#..#[#
##...#.#)#.#.#...##.####..
#≈...##.#.#.##...#...###..
##.8.#.#©#.#.#.8.##.###..#
#≈...##.#.#.##...#X©..#..^
##...#.#.#.#.#...##.#P.##.
#≈...##.#.#.##...#x#..#.##


You could see a blizzard demon, a neqoxec and 2 small abominations.

Vanquished Creatures
  Fannar (D:10)
  Harold (D:9)
  3 two-headed ogres
  3 deep elf pyromancers (D:11)
  6 deep elf zephyrmancers (D:11)
  3 cyclopes
  A manticore (D:11)
  2 trolls
  A hornet (D:9)
  A water elemental (D:11)
  2 wyverns (D:9)
  Eustachio (D:5)
  22 yaks
  A steam dragon (D:6)
  Edmund (D:5)
  Menkaure (D:6)
  An acid dragon (D:8)
  6 water moccasins
  2 sky beasts
  An orc warrior (D:10)
  An ogre (D:4)
  6 centaurs
  3 phantoms
  Blork the orc (D:6)
  A bullfrog (D:8)
  A scorpion (D:6)
  A gnoll sergeant (D:10)
  A necrophage (D:4)
  10 wights
  11 killer bees
  6 howler monkeys
  2 hounds
  2 jellies
  3 orc priests
  Ijyb (D:5)
  4 orc wizards
  2 iguanas
  4 gnolls
  7 adders
  A shadow imp (D:8)
  A white imp (D:6)
  A worm (D:4)
  A dart slug (D:1)
  32 orcs
  4 ball pythons
  5 bats
  An endoplasm (D:3)
  4 goblins
  6 hobgoblins
  9 jackals
  3 quokkas
  8 frilled lizards
  2 kobolds
  6 rats
211 creatures vanquished.

Vanquished Creatures (others)
  An orc wizard (D:11)
  A white imp (Gauntlet)
  9 demonic plants (Gauntlet)
  A fungus (D:9)
  17 plants (D:9)
29 creatures vanquished.

Grand Total: 240 creatures vanquished

Notes
Turn   | Place    | Note
-------+----------+-------------------------------------------
     0 | D:1      | drugrobin the Demigod Fighter began the quest for the Orb.
     0 | D:1      | Reached XP level 1. HP: 18/18 MP: 3/3
    26 | D:1      | Reached skill level 2 in Axes
   281 | D:1      | Reached XP level 2. HP: 25/25 MP: 4/4
   964 | D:2      | Reached XP level 3. HP: 24/31 MP: 5/5
   982 | D:2      | Reached skill level 3 in Axes
  1600 | D:3      | Reached XP level 4. HP: 32/38 MP: 6/6
  2316 | D:4      | Noticed an ogre
  2359 | D:4      | Noticed a phantom
  2378 | D:3      | Killed a phantom
  2379 | D:3      | Reached skill level 4 in Axes
  2379 | D:3      | Reached XP level 5. HP: 41/46 MP: 7/7
  2572 | D:4      | Reached skill level 5 in Axes
  2690 | D:4      | Reached XP level 6. HP: 44/52 MP: 8/8
  2817 | D:4      | Identified the +2 pair of boots of the Blind Marksman
                  | {Drain Str+5}
  3193 | D:5      | Entered Level 5 of the Dungeon
  3208 | D:5      | Noticed a water moccasin
  3224 | D:5      | Killed a water moccasin
  3482 | D:5      | Reached skill level 6 in Axes
  3551 | D:5      | Noticed Ijyb
  3576 | D:5      | Killed Ijyb
  3599 | D:5      | Reached XP level 7. HP: 60/60 MP: 9/9
  3704 | D:5      | Noticed Eustachio
  3739 | D:5      | Killed Eustachio
  3740 | D:5      | Reached skill level 5 in Fighting
  3895 | D:5      | Noticed Edmund
  3904 | D:5      | Killed Edmund
  3905 | D:5      | Reached skill level 7 in Axes
  3974 | D:5      | Found Rybripri's Assorted Antiques.
  3988 | D:5      | Bought a red potion for 23 gold pieces
  3988 | D:5      | Bought a scroll labelled DAAMOO OFRALU for 26 gold pieces
  3988 | D:5      | Bought a fizzy emerald potion for 23 gold pieces
  3988 | D:5      | Bought a scroll labelled INEMICIGAE for 26 gold pieces
  4396 | D:5      | Reached XP level 8. HP: 60/70 MP: 10/10
  4580 | D:4      | Reached skill level 8 in Axes
  4880 | D:6      | Found a staircase to the Ecumenical Temple.
  4916 | D:6      | Noticed Blork the orc
  4922 | D:6      | Killed Blork the orc
  4974 | D:6      | You fall into a shaft and drop 3 floors!
  5059 | D:9      | Identified 2 scrolls of acquirement
  5066 | D:9      | Reached skill level 9 in Axes
  5090 | D:9      | Reached XP level 9. HP: 25/79 MP: 11/11
  5183 | D:9      | Reached skill level 10 in Axes
  5447 | D:9      | Acquired the ring of Ifink {rC++ MP+9 Int+2}
  5459 | D:9      | Acquired a +3 broad axe of venom
  5527 | D:8      | Noticed a two-headed ogre
  5578 | D:8      | Killed a two-headed ogre
  6090 | D:6      | Reached skill level 11 in Axes
  6315 | D:6      | Noticed Menkaure
  6341 | D:6      | Killed Menkaure
  6682 | D:6      | Got Rorul's Papyrus of the Ashen Blaze
  7164 | D:7      | Reached XP level 10. HP: 90/90 MP: 13/13
  8021 | D:8      | Noticed a two-headed ogre
  8171 | D:8      | Noticed a cyclops
  8177 | D:8      | Killed a cyclops
  8379 | D:8      | Reached skill level 12 in Axes
  8514 | D:8      | Killed a two-headed ogre
  9629 | D:9      | Noticed Harold
  9663 | D:9      | Killed Harold
  9664 | D:9      | Reached skill level 13 in Axes
  9740 | D:9      | Found a staircase to the Lair.
 10050 | D:10     | Entered Level 10 of the Dungeon
 10235 | D:10     | Noticed a two-headed ogre
 10249 | D:10     | Killed a two-headed ogre
 10250 | D:10     | Reached XP level 11. HP: 99/99 MP: 14/14
 10307 | D:10     | Noticed Fannar
 10335 | D:10     | Killed Fannar
 10336 | D:10     | Reached skill level 10 in Fighting
 11470 | D:11     | Reached skill level 14 in Axes
 11511 | D:11     | Noticed a deep elf zephyrmancer
 11520 | D:11     | Noticed a deep elf zephyrmancer
 11521 | D:11     | Noticed a deep elf pyromancer
 11522 | D:11     | Noticed a deep elf zephyrmancer
 11522 | D:11     | Identified the +9 scimitar of Daunn {vorpal, rF+ Int+6
                  | Dex-5}
 11522 | D:11     | Noticed a deep elf zephyrmancer
 11522 | D:11     | Noticed a deep elf zephyrmancer
 11522 | D:11     | Noticed a deep elf pyromancer
 11523 | D:11     | Noticed a deep elf zephyrmancer
 11523 | D:11     | Noticed a deep elf pyromancer
 11525 | D:11     | Killed a deep elf zephyrmancer
 11529 | D:11     | Killed a deep elf zephyrmancer
 11531 | D:11     | Killed a deep elf zephyrmancer
 11537 | D:11     | Killed a deep elf pyromancer
 11540 | D:11     | Killed a deep elf pyromancer
 11627 | D:11     | Killed a deep elf zephyrmancer
 11631 | D:11     | Killed a deep elf zephyrmancer
 11641 | D:11     | Killed a deep elf pyromancer
 11698 | D:11     | Killed a deep elf zephyrmancer
 11719 | D:11     | Found a gate leading to a gauntlet.
 11724 | Gauntlet | Entered a Gauntlet
 11724 | Gauntlet | Found a transporter.
 11726 | Gauntlet | Noticed a sixfirhy
 11738 | Gauntlet | Noticed a sixfirhy
 11754 | Gauntlet | Noticed a thrashing horror
 11757 | Gauntlet | Found a transporter.
 11844 | Gauntlet | Noticed a thrashing horror
 11879 | Gauntlet | Found a transporter.
 11882 | Gauntlet | Found a transporter.
 11887 | Gauntlet | Noticed a death yak
 11887 | Gauntlet | Noticed a death yak
 11890 | Gauntlet | Noticed a death yak
 11890 | Gauntlet | Noticed a necromancer
 11892 | Gauntlet | Noticed a death yak
 11894 | Gauntlet | Found a transporter.
 11917 | Gauntlet | Found a transporter.
 11920 | Gauntlet | Found a transporter.
 11924 | Gauntlet | Found a transporter.
 11945 | Gauntlet | Noticed a wretched star
 11950 | Gauntlet | Found a transporter.
 11964 | Gauntlet | Found a transporter.
 11968 | Gauntlet | Found a transporter.
 11973 | Gauntlet | Noticed a blizzard demon
 11977 | Gauntlet | Found a transporter.
 12199 | Gauntlet | Identified the +0 helmet "Piontuj" {rC+ Str+3 Dex+2 Stlth+}
 12210 | Gauntlet | HP: 7/153 [blizzard demon] (4)]
 12210 | Gauntlet | Killed from afar by a blizzard demon

Illustrated notes

Levels and vault maps discovered:
D:1:      scummos_arrival_forest, layout_rooms, minmay_misc_feat_doors
D:2:      layout_rooms, shapermc_ecumenical_altar_totnotflames, st_stairs_3
D:3:      layout_basic, minmay_misc_feat_ornament
D:4:      layout_cave_pods
D:5:      layout_loops_cross, mainiacjoe_overflow_24_doors, serial_shops,
          nicolae_shop_statue_plus, kennysheep_generic_room_6, uniq_ijyb,
          uniq_edmund, uniq_eustachio
D:6:      layout_loops_ring, okawaru_trees_2, mainiacjoe_overflow_cross_hatched,
          general_overflow_altar, minmay_temple_entry_offerings, ldierk_geyser,
          uniq_blork_the_orc, uniq_menkaure
D:7:      layout_basic, grunt_decor_fettered
D:8:      layout_loops_cross, lemuel_tele_altar, mainiacjoe_overflow_big_doors
D:9:      layout_loops_ring, old_standard_altar, minmay_lair_entry_grove,
          corner_web_ring, uniq_harold
D:10:     layout_basic, minmay_statues_item, uniq_fannar
D:11:     layout_roguey, erik_orc_1, gauntlet_entry_generic,
          kennysheep_cross_room, elves_outpost_lemuel, uniq_psyche, uniq_grum
Gauntlet: minmay_gauntlet_mixed_oops_all_seconds [minmay_gauntlet_arena_77_mess,
          gammafunk_gauntlet_arena_mazey, minmay_gauntlet_arena_77_checkered,
          gammafunk_gauntlet_arena_crates, minmay_gauntlet_arena_77_block_sizes,
          gammafunk_gauntlet_arena_spirals, gauntlet_exit_watery]

Skill      XL: |  1  2  3  4  5  6  7  8  9 10 11 |
---------------+----------------------------------+-----
Axes           | 2 3 4 5 6 7 9 11 13 14 | 14.9
Fighting       | 3 4 5 7 8 9 11 | 11.0
Armour         | |  2.6
Shields        | |  2.6

Action                   |  1- 3 |  4- 6 |  7- 9 | 10-12 || total
-------------------------+-------+-------+-------+-------++-------
Melee: War axe           |   101 |    16 |       |       ||   117
       Hand axe          |       |    84 |   177 |       ||   261
       Broad axe         |       |       |    60 |   235 ||   295
Throw: Dart              |       |       |    11 |    19 ||    30
Evoke: Lightning rod     |       |       |       |     4 ||     4
       Wand              |       |       |       |     1 ||     1
  Use: Potion            |       |       |     7 |     3 ||    10
       Scroll            |       |       |     8 |     9 ||    17
Armor: Scale mail        |    51 |       |       |    44 ||    95
       Chain mail        |    17 |    49 |   122 |    43 ||   231
       Skin              |       |       |    11 |       ||    11
Dodge: Dodged            |    38 |    27 |    80 |    95 ||   240
Block: Buckler           |    22 |    26 |    42 |    46 ||   136

Table legend: (Time is in decaauts)
 A = Elapsed time spent in this place.
 B = Non-inter-level travel time spent in this place.
 C = Inter-level travel time spent in this place.
 D = Time resting spent in this place.
 E = Time spent auto-exploring this place.
 F = Levels seen in this place.
 G = Mean time per level.
                   A        B        C        D        E       F      G
               +--------+--------+--------+--------+--------+-----+--------+
         Total |  12250 |  11732 |    518 |   2178 |   6521 |  12 | 1020.8 |
       Dungeon |  11766 |  11248 |    518 |   1992 |   6433 |  11 | 1069.6 |
      Gauntlet |    484 |    484 |      0 |    186 |     88 |   1 |  484.0 |
               +--------+--------+--------+--------+--------+-----+--------+

Top non-repeatable levels by time:
     D:8: 1688 daAuts
     D:9: 1581 daAuts
    D:10: 1357 daAuts
     D:5: 1329 daAuts
     D:6: 1289 daAuts
     D:4: 1037 daAuts
     D:3: 1001 daAuts
     D:1: 843 daAuts
     D:2: 724 daAuts
     D:7: 600 daAuts
Gauntlet: 484 daAuts
    D:11: 312 daAuts
